 Dungeon Crawl Stone Soup version 0.20.0-15-g7f486f2 (webtiles) character file.

108 Omegatherion the Skirmisher (level 4, -4/30 HPs)
             Began as a Gargoyle Monk on June 29, 2017.
             Was a Believer of the Shining One.
             Slain by a gnoll
             ... wielding a +0 whip
              (7 damage)
             ... on level 3 of the Dungeon.
             The game lasted 00:03:26 (2093 turns).

Omegatherion the Skirmisher (Gargoyle Monk)         Turns: 2093, Time: 00:03:26

Health: -4/30      AC:  5    Str: 15    XL:     4   Next: 87%
Magic:  14/14      EV: 12    Int: 11    God:    the Shining One [**....]
Gold:   72         SH:  0    Dex: 12    Spells: 3/3 levels left

rFire    . . .     SeeInvis .   a - +0 mace
rCold    . . .     Gourm    .   (no shield)
rNeg     + + .     Faith    .   b - +0 robe
rPois    ∞         Spirit   .   (no helmet)
rElec    +         Reflect  .   (no cloak)
rCorr    .         Harm     .   (no gloves)
MR       +....                  (no boots)
Stlth    +.........             (no amulet)
Regen    0.1/turn               n - ring of protection from magic
MPRegen  0.2/turn               m - ring of magical power

@: glowing
A: negative energy resistance 1, electricity resistance, unbreathing,
petrification resistance, rot immunity, AC +3
a: Divine Shield, Renounce Religion


You were on level 3 of the Dungeon.
You worshipped the Shining One.
The Shining One was pleased with you.
You were not hungry.

You visited 1 branch of the dungeon, and saw 3 of its levels.

You collected 72 gold pieces.

Inventory:

Hand Weapons
 a - a +0 mace (weapon)
Armour
 b - a +0 robe (worn)
Jewellery
 e - a +3 ring of intelligence
 k - an uncursed ring of fire
 m - a ring of magical power (right hand)
 n - a ring of protection from magic (left hand)
Scrolls
 g - a scroll of random uselessness {unknown}
 i - a scroll of recharging {unknown}
 o - a scroll of identify {unknown}
Potions
 d - 2 potions of berserk rage {unknown}
 f - 3 potions of curing {unknown}
 h - a potion of haste {unknown}
 l - a potion of ambrosia {unknown}
Comestibles
 c - 2 bread rations
 j - a meat ration


   Skills:
 + Level 4.5 Fighting
 + Level 4.0 Maces & Flails
 - Level 2.4 Dodging
 - Level 2.1 Stealth
 + Level 1.9 Invocations


You had 3 spell levels left.
You didn't know any spells.

Dungeon Overview and Level Annotations

Branches:
Dungeon (3/15)

Altars:
Elyvilon
Gozag
Yredelemnul
The Shining One


Innate Abilities, Weirdness & Mutations

You are resistant to torment.
Your stone body is resilient. (AC +3)
You are immune to poison.
You resist negative energy. (rN+)
You are resistant to electric shocks. (rElec)
You can survive without breathing.
You are immune to petrification.
You are immune to rotting.


Message History

The gnoll closely misses you. The gnoll hits you with a spear!
You sock the gnoll!
You kill the gnoll!
The gnoll closely misses you. The gnoll hits you with a halberd!
* * * LOW HITPOINT WARNING * * *
You barely miss the gnoll. The gnoll barely misses you.
You sock the gnoll!
The gnoll is heavily wounded.
The gnoll barely misses you.
You sock the gnoll!
You kill the gnoll!
You hit the gnoll.
The gnoll is heavily wounded.
The gnoll hits you with a whip.
* * * LOW HITPOINT WARNING * * *
You barely miss the gnoll.
The gnoll is heavily wounded.
The gnoll hits you with a whip!
You die...

#.## #........
.... .... ....
#.#. #.......
... #.. ..#
.........#
.#.##.#.#..##..
...............
#.# #@# #g#
###. ##w##.....
#.g.....#
#..####g# #
#.....# ...
##.##+#.gg..
#..<..g#
#......g...


You could see a worm, a gnoll and a hobgoblin.

Vanquished Creatures
  4 adders (D:2)
  2 gnolls (D:3)
  A worm (D:1)
  2 dart slugs (D:2)
  4 bats (D:1)
  5 goblins
  3 hobgoblins
  10 jackals
  4 frilled lizards
  6 kobolds
  7 rats
48 creatures vanquished.

Vanquished Creatures (others)
  A goblin (D:2)
1 creature vanquished.

Grand Total: 49 creatures vanquished

Notes
Turn   | Place    | Note
-------+----------+-------------------------------------------
     0 | D:1      | Omegatherion the Gargoyle Monk began the quest for the Orb.
     0 | D:1      | Reached XP level 1. HP: 14/14 MP: 1/1
   317 | D:1      | Reached XP level 2. HP: 19/19 MP: 2/2
  1120 | D:2      | Found an opulent altar of Gozag.
  1213 | D:2      | Reached XP level 3. HP: 23/24 MP: 3/3
  1368 | D:2      | Found a basalt altar of Yredelemnul.
  1376 | D:2      | Noticed a profane servitor
  1393 | D:2      | Found a glowing golden altar of the Shining One.
  1397 | D:2      | Noticed an angel
  1404 | D:2      | Became a worshipper of the Shining One
  1404 | D:2      | Reached * piety under the Shining One
  1404 | D:2      | Reached ** piety under the Shining One
  1748 | D:2      | Reached XP level 4. HP: 29/29 MP: 4/4
  1752 | D:2      | Reached skill level 1 in Invocations
  2067 | D:3      | Found a white marble altar of Elyvilon.
  2093 | D:3      | Slain by a gnoll

Skill      XL: |  1  2  3  4 |
---------------+-------------+-----
Fighting       | 4 |  4.5
Invocations    | 1 |  1.9
Maces & Flails | 4 |  4.0
Dodging        | |  2.4
Stealth        | |  2.1

Action                   |  1- 3 |  4- 6 || total
-------------------------+-------+-------++-------
Melee: Mace              |   118 |    38 ||   156
 Stab: Sleeping          |     9 |       ||     9
  Eat: Chunk             |     2 |     2 ||     4
Armor: Robe              |    51 |    13 ||    64
Dodge: Dodged            |    99 |    31 ||   130
